 Dungeon Crawl Stone Soup version 0.22.1-6-g1668fe2c40 (webtiles) character file.

377 Ishchenko the Insei (level 7, -8/54 HPs)
             Began as a Human Monk on Jan 23, 2019.
             Mangled by an ogre
             ... wielding a +0 giant club
              (26 damage)
             ... on level 4 of the Dungeon.
             The game lasted 00:12:47 (4689 turns).

Ishchenko the Insei (Human Monk)                    Turns: 4689, Time: 00:12:48

Health: -8/54      AC: 11    Str: 14    XL:     7   Next: 4%
Magic:  7/7        EV:  5    Int: 10    God:
Gold:   129        SH:  0    Dex: 15    Spells: 6/6 levels left

rFire    . . .     SeeInvis .     - Unarmed
rCold    + . .     Gourm    .   (no shield)
rNeg     . . .     Faith    .   m - +0 plate armour
rPois    +         Spirit   .   n - +0 helmet
rElec    .         Reflect  .   (no cloak)
rCorr    .         Harm     .   (no gloves)
MR       .....                  (no boots)
Stlth    ..........             (no amulet)
HPRegen  0.18/turn              c - ring of protection from cold
MPRegen  0.10/turn              a - ring of poison resistance

@: flying (expiring)
A: no striking features
a: no special abilities


You were on level 4 of the Dungeon.
You were not hungry.

You visited 1 branch of the dungeon, and saw 4 of its levels.

You collected 129 gold pieces.

Inventory:

Armour
 m - a +0 plate armour (worn)
 n - a +0 helmet (worn)
Jewellery
 a - a ring of poison resistance (right hand)
 c - a ring of protection from cold (left hand)
 s - an uncursed ring of magical power {unknown}
 u - an uncursed ring of positive energy {unknown}
Wands
 t - a wand of random effects (27)
Scrolls
 e - a scroll of enchant armour {unknown}
 h - 2 scrolls of remove curse {unknown}
 j - 3 scrolls of teleportation {unknown}
 k - a scroll of random uselessness {unknown}
 l - a scroll of enchant weapon {unknown}
 o - 3 scrolls of magic mapping {unknown}
 p - a scroll of immolation {unknown}
 r - a scroll of blinking {unknown}
Potions
 d - 3 potions of ambrosia
 f - 3 potions of flight
 q - a potion of magic {unknown}
Comestibles
 b - 10 rations
 i - 6 chunks of flesh


   Skills:
 + Level 4.0 Fighting
 + Level 1.9 Armour
 + Level 4.0 Dodging
 + Level 2.4 Stealth
 + Level 5.5 Unarmed Combat


You had 6 spell levels left.
You didn't know any spells.
Your spell library was empty.

Dungeon Overview and Level Annotations

Branches:
Dungeon (4/15)
 Temple: D:4-7

Altars:
Ashenzari
Fedhas
Kikubaaqudgha
The Shining One


Message History

You fly up into the air.
The ogre hits you with a giant club.
* * * LOW HITPOINT WARNING * * *
Okay, then.
An ogre is nearby!
The ogre hits you but does no damage.
It was a potion of curing.
You feel better.
An ooze comes into view.
The ooze quivers.
Found a ration.
You feel better. The ogre hits you with a giant club!
You hit the ogre.
The ogre is heavily wounded.
The ogre barely misses you.
You hit the ogre. Your punch misses the ogre.
The ogre is heavily wounded.
Your plate armour prevents you from hitting the ogre.
The ogre is heavily wounded.
You are starting to lose your buoyancy.
The ogre hits you with a giant club!!
You die...

#.##.......# ###
######.####J[...#
#.........##.....#
#.#####......>####
##.#.#.###
#....##.#
#..###J## #.#.#O##
####.##@##
#.......#
#.......#
#.......#
#.......#
#.(.....#
#.......#
#.......#
####.####


You could see an ogre and an ooze.

Vanquished Creatures
  Sigmund (D:2)
  An orc wizard (D:4)
  Jessica (D:3)
  5 adders
  A worm (D:2)
  5 dart slugs
  2 leopard geckos (D:3)
  9 orcs
  14 bats
  A bat zombie (D:2)
  4 giant cockroaches
  7 goblins
  12 hobgoblins
  9 jackals
  7 kobolds
  A quokka (D:3)
  2 ball pythons
  5 frilled lizards
  11 rats
  A rat zombie (D:2)
99 creatures vanquished.

Notes
Turn   | Place    | Note
-------+----------+-------------------------------------------
     0 | D:1      | Ishchenko the Human Monk began the quest for the Orb.
     0 | D:1      | Reached XP level 1. HP: 18/18 MP: 1/1
   141 | D:1      | Reached XP level 2. HP: 13/24 MP: 2/2
   638 | D:1      | Reached XP level 3. HP: 20/29 MP: 3/3
  1799 | D:2      | Found a blossoming altar of Fedhas.
  2060 | D:2      | Reached XP level 4. HP: 21/35 MP: 4/4
  2696 | D:2      | Reached skill level 4 in Unarmed Combat
  3322 | D:2      | Reached XP level 5. HP: 41/41 MP: 5/5
  3449 | D:2      | Noticed Sigmund
  3450 | D:2      | Found an ancient bone altar of Kikubaaqudgha.
  3471 | D:2      | Killed Sigmund
  3471 | D:2      | Reached skill level 1 in Armour
  3471 | D:2      | Reached skill level 5 in Unarmed Combat
  3471 | D:2      | Reached XP level 6. HP: 34/48 MP: 6/6
  3874 | D:3      | Noticed Jessica
  3878 | D:3      | Killed Jessica
  4181 | D:3      | Found a glowing golden altar of the Shining One.
  4182 | D:3      | Found a shattered altar of Ashenzari.
  4597 | D:4      | Reached XP level 7. HP: 51/54 MP: 7/7
  4689 | D:4      | Mangled by an ogre

Skill      XL: |  1  2  3  4  5  6 |
---------------+-------------------+-----
Unarmed Combat | 4 5 |  5.5
Armour         | 1 |  1.9
Dodging        | 4 |  4.0
Fighting       | 4 |  4.0
Stealth        | |  2.4

Action                   |  1- 3 |  4- 6 |  7- 9 || total
-------------------------+-------+-------+-------++-------
Melee: Unarmed           |   185 |   234 |    26 ||   445
       Punch             |     1 |     2 |     1 ||     4
  Use: Potion            |     1 |       |     3 ||     4
 Stab: Sleeping          |     5 |       |       ||     5
  Eat: Chunk             |     4 |     8 |       ||    12
Armor: Robe              |    51 |     3 |       ||    54
       Plate armour      |       |   176 |     5 ||   181
Dodge: Dodged            |   155 |    65 |     6 ||   226
